 Dungeon Crawl Stone Soup version 0.27-a0-1590-g15f69828bf (webtiles) character file.

Game seed: 8268904431922873437

384 Demosthentine the Poker (level 6, 0/48 HPs)
             Began as a Merfolk Gladiator on July 19, 2021.
             Slain by a kobold brigand (7 damage)
             ... on level 3 of the Dungeon.
             The game lasted 00:04:02 (2715 turns).

Demosthentine the Poker (Merfolk Gladiator)         Turns: 2715, Time: 00:04:03

Health: 0/48       AC:  4    Str: 16    XL:     6   Next: 77%
Magic:  6/6        EV: 18    Int:  7    God:
Gold:   112        SH:  0    Dex: 16    Spells: 5/5 levels left

rFire    . . .     SeeInvis .   a - +0 trident
rCold    . . .     Faith    .   (no shield)
rNeg     . . .     Spirit   .   b - +0 leather armour
rPois    .         Reflect  .   c - +0 helmet
rElec    .         Harm     .   (no cloak)
rCorr    .         Rampage  .   (no gloves)
Will     .....                  (no boots)
Stlth    +.........             e - amulet of regeneration
HPRegen  1.16/turn              g - +4 ring of evasion
MPRegen  0.10/turn              (no ring)

@: lethally poisoned (0 -> -4)
A: (nimble swimmer 2), mertail
a: no special abilities


You were on level 3 of the Dungeon.
You visited 1 branch of the dungeon, and saw 3 of its levels.

You collected 229 gold pieces.
You spent 117 gold pieces at shops.

Inventory:

Hand Weapons
 a - a +0 trident (weapon)
Missiles
 d - 6 throwing nets (quivered)
Armour
 b - a +0 leather armour (worn)
 c - a +0 helmet (worn)
Jewellery
 e - an amulet of regeneration (around neck)
 g - a +4 ring of evasion (left hand)
Wands
 i - a wand of flame (11)
Scrolls
 h - a scroll of identify
 k - a scroll of teleportation
Potions
 f - a potion of brilliance
 j - a potion of curing
 l - a potion of mutation
 n - a potion of invisibility
 o - 2 potions of heal wounds


   Skills:
 + Level 4.2 Fighting
 + Level 6.5 Polearms
 - Level 2.0 Throwing
 + Level 2.2 Armour
 + Level 5.9 Dodging


You had 5 spell levels left.
You didn't know any spells.
Your spell library contained the following spells:

 Spells                   Type           Power      Damage    Failure   Level
 Passwall                 Tmut/Erth      0%         N/A       65%         2
 Swiftness                Air            0%         N/A       86%         3
 Invisibility             Hex            0%         N/A       100%        6


Dungeon Overview and Level Annotations

Branches:
Dungeon (3/15)

Altars:
Trog
Vehumet
Xom

Shops:
D:2 *

Annotations:
D:3 Harkinian's ghost, weakling MiMo


Innate Abilities, Weirdness & Mutations

((You are quick and stealthy near water. (Stealth+, EV+, Speed+++)))
Your lower body shifts to a powerful aquatic tail in water.


Message History

You miss the kobold brigand.
The kobold brigand is severely wounded.
You feel sick.
The kobold brigand hits you with a +2 whip of venom!
You are too injured to fight recklessly!
You are too injured to fight recklessly!
You are too injured to fight recklessly!
You are too injured to fight recklessly!
You are too injured to fight recklessly!
You are too injured to fight recklessly!
You are too injured to fight recklessly!
You are too injured to fight recklessly!
You hit the kobold brigand.
The kobold brigand is severely wounded.
You feel sick.
The kobold brigand completely misses you.
You closely miss the kobold brigand.
The kobold brigand is severely wounded.
You feel sick. The kobold brigand closely misses you.
You closely miss the kobold brigand.
The kobold brigand is severely wounded.
You feel sick.
The kobold brigand hits you with a +2 whip of venom!
You are more poisoned.
You completely miss the kobold brigand.
The kobold brigand is severely wounded.
You feel sick.
The kobold brigand hits you with a +2 whip of venom.
* * * LOW HITPOINT WARNING * * *
You are more poisoned.
You barely miss the kobold brigand.
The kobold brigand is severely wounded.
* * * LOW HITPOINT WARNING * * *
You feel very sick. The kobold brigand closely misses you.
You closely miss the kobold brigand.
The kobold brigand is severely wounded.
You feel sick.
The kobold brigand hits you with a +2 whip of venom!
You die...

##### ##.####..
##.[.## #..# ##.
##.....## ##.# ##
#.#...#.# #.# ##
#⌠.#.#.⌠# #.# ##.
#.#...#.####.###..
###KKK..##..).....#
#.##KW'##........#.
#.@KKK.............
#####.............#
##########....#
#..#### #.## #.##
#..#### ##.....
######


You could see a kobold brigand, Harkinian's ghost and 6 kobolds.

Vanquished Creatures
  Sigmund (D:2)
  Natasha (twice) (D:3)
  4 gnolls (D:2)
  6 adders
  3 worms
  2 dart slugs
  3 orcs (D:3)
  3 bats
  2 endoplasms
  6 giant cockroaches
  5 goblins
  3 hobgoblins
  6 jackals
  8 kobolds
  A quokka (D:1)
  7 ball pythons
  2 frilled lizards (D:1)
  12 rats
76 creatures vanquished.

Vanquished Creatures (others)
  4 plants (D:2)
4 creatures vanquished.

Grand Total: 80 creatures vanquished

Notes
Turn   | Place    | Note
-------+----------+-------------------------------------------
     0 | D:1      | Demosthentine the Merfolk Gladiator began the quest for the
                  | Orb.
     0 | D:1      | Reached XP level 1. HP: 16/16 MP: 1/1
   265 | D:1      | Reached XP level 2. HP: 23/23 MP: 2/2
   726 | D:2      | Reached XP level 3. HP: 13/28 MP: 3/3
  1010 | D:2      | Found Ehieriz's General Store.
  1030 | D:2      | Bought a potion of degeneration for 13 gold pieces
  1030 | D:2      | Bought 2 throwing nets for 78 gold pieces
  1030 | D:2      | Bought a scroll of identify for 26 gold pieces
  1052 | D:2      | Reached skill level 5 in Polearms
  1062 | D:2      | Found a faded altar of an unknown god.
  1065 | D:2      | Noticed Sigmund
  1079 | D:2      | HP: 1/28 [something/magic dart (5)]
  1252 | D:2      | Reached skill level 1 in Armour
  1257 | D:2      | Reached XP level 4. HP: 30/35 MP: 4/4
  1884 | D:2      | Killed Sigmund
  1885 | D:2      | Reached skill level 6 in Polearms
  1885 | D:2      | Reached skill level 5 in Dodging
  1885 | D:2      | Reached XP level 5. HP: 26/42 MP: 5/5
  1885 | D:2      | Reached XP level 6. HP: 29/48 MP: 6/6
  1983 | D:3      | Found a runed translucent gate.
  1990 | D:3      | Found a runed translucent gate.
  1991 | D:3      | Found a runed translucent gate.
  2200 | D:3      | Found a shimmering altar of Xom.
  2221 | D:3      | Found a bloodstained altar of Trog.
  2221 | D:3      | Noticed Natasha
  2280 | D:3      | Killed Natasha
  2299 | D:3      | Found a radiant altar of Vehumet.
  2529 | D:3      | Noticed Natasha
  2547 | D:3      | Killed Natasha
  2609 | D:3      | Noticed Harkinian's ghost (weakling MiMo)
  2715 | D:3      | Slain by a kobold brigand

Illustrated notes

Levels and vault maps discovered:
D:1:      dpeg_arrival_rooms_a, layout_rooms
D:2:      layout_loops_ring, serial_shops, shop_coins,
          chequers_ecumenical_altar_simple_redux, minmay_splitting_lines,
          serial_bayou_crossing, uniq_sigmund
D:3:      layout_rooms, mainiacjoe_overflow_alcove_1, general_overflow_altar,
          mainiacjoe_overflow_cross_hatched, gammafunk_ghost_nasty_kobolds,
          minmay_quadrilaterals, uniq_natasha

Skill      XL: |  1  2  3  4  5  6 |
---------------+-------------------+-----
Polearms       | 5 6 |  6.5
Fighting       | 3 4 |  4.2
Armour         | 1 2 |  2.2
Dodging        | 5 |  5.9
Throwing       | |  2.0

Action                   |  1- 3 |  4- 6 || total
-------------------------+-------+-------++-------
Melee: Trident           |   110 |   202 ||   312
Throw: Throwing net      |       |     6 ||     6
  Use: Scroll            |     2 |     8 ||    10
 Stab: Sleeping          |     1 |     2 ||     3
       Held in net/web   |       |     4 ||     4
Armor: Leather armour    |    33 |    23 ||    56
Dodge: Dodged            |    79 |   114 ||   193

Table legend: (Time is in decaauts)
 A = Elapsed time spent in this place.
 B = Non-inter-level travel time spent in this place.
 C = Inter-level travel time spent in this place.
 D = Time resting spent in this place.
 E = Time spent auto-exploring this place.
 F = Levels seen in this place.
 G = Mean time per level.
                   A        B        C        D        E       F      G
               +--------+--------+--------+--------+--------+-----+--------+
         Total |   2742 |   2742 |      0 |    111 |   1765 |   3 |  914.0 |
       Dungeon |   2742 |   2742 |      0 |    111 |   1765 |   3 |  914.0 |
               +--------+--------+--------+--------+--------+-----+--------+

Top non-repeatable levels by time:
     D:2: 1207 daAuts
     D:3: 814 daAuts
     D:1: 720 daAuts
